 Dungeon Crawl Stone Soup version 0.31-a0-1237-gabc64e778c (webtiles) character file.

Game seed: 14601735783303304350

63 hikkokomori the Digger (level 4, -5/26 HPs)
             Began as a Gargoyle Earth Elementalist on Dec 13, 2023.
             Slain by Crazy Yiuf
             ... wielding a +3 quarterstaff of chaos
              (13 damage)
             ... on level 2 of the Dungeon on Dec 15, 2023.
             The game lasted 00:02:58 (1938 turns).

hikkokomori the Digger (GrEE)                       Turns: 1938, Time: 00:02:59

Health: -5/26      AC:  6    Str: 12    XL:     4   Next: 10%
Magic:  4/7        EV: 11    Int: 17    God:
Gold:   142        SH:  0    Dex: 10    Spells: 7/8 levels left

rFire   . . .        j - +2 dagger (venom)
rCold   . . .        (no shield)
rNeg    + . .        a - +0 robe
rPois   ∞            (no helmet)
rElec   +            (no cloak)
rCorr   .            (no gloves)
SInv    .            l - +0 pair of boots
Will    .....        i - amulet of the acrobat
Stlth   ++           (no ring)
HPRegen 0.24/turn    (no ring)
MPRegen 0.10/turn

%: acrobat
@: no status effects
A: sickness immunity, AC +3, negative energy resistance 1, electricity
resistance, torment resistance 1, petrification resistance
a: no special abilities


You were on level 2 of the Dungeon.
You visited 1 branch of the dungeon, and saw 2 of its levels.

You collected 142 gold pieces.

Inventory:

Hand Weapons
 h - a +0 whip
 j - a +2 dagger of venom (weapon)
Armour
 a - a +0 robe (worn)
 l - a +0 pair of boots (worn)
Jewellery
 i - an amulet of the acrobat (around neck)
Scrolls
 c - 2 scrolls of enchant armour {unknown}
 d - a scroll of torment {unknown}
 g - a scroll of enchant weapon
Potions
 b - a potion of magic
 e - a potion of might
 f - a potion of resistance
 k - 2 potions of lignification {unknown}


   Skills:
 + Level 1.7 Fighting
 - Level 1.5 Dodging
 + Level 3.1 Stealth
 + Level 2.6 Spellcasting
 - Level 0.7 Transmutations
 + Level 4.2 Earth Magic


You had 7 spell levels left.
You knew the following spells:

 Your Spells              Type           Power      Damage    Failure   Level
a - Sandblast             Erth           32%        2d9       3%          1

Your spell library contained the following spells:

 Spells                   Type           Power      Damage    Failure   Level
 Passwall                 Tmut/Erth      8%         N/A       10%         2
 Stone Arrow              Conj/Erth      18%        3d8       22%         3
 Petrify                  Tmut/Erth      10%        N/A       54%         4
 Brom's Barrelling Bould  Conj/Erth      9%         2d3       58%         4


Dungeon Overview and Level Annotations

Branches:
Dungeon (2/15)

Altars:

Annotations:
D:2 Crazy Yiuf


Innate Abilities, Weirdness & Mutations

You are immune to sickness and miasma.
Your stone body is resilient. (AC +3)
You are immune to poison.
You resist negative energy. (rN+)
You are resistant to electric shocks. (rElec)
You are resistant to unholy torment.
You are immune to petrification.


Message History

A quokka is nearby!
A quokka is nearby!
A quokka is nearby!
The blast of sand hits the quokka!
You kill the quokka!
You can't see any susceptible monsters within range! (Use Z to cast anyway.)
Found a whip.
Found a pair of boots.
k - 2 murky silvery potions You see here a +0 pair of boots.
l - a +0 pair of boots You start putting on your armour.
You continue putting on your +0 pair of boots. x4
You finish putting on your +0 pair of boots.
c - 2 scrolls labelled IMIZ TEAHAU (gained 1)
You see here a ball python skeleton.
Could not explore, unopened runed door.
Could not explore, unopened runed door.
Could not explore, unopened runed door.
You open the door.
Crazy Yiuf shouts!
The blast of sand hits Crazy Yiuf.
Crazy Yiuf is lightly wounded.
Crazy Yiuf barely misses you.
The blast of sand misses Crazy Yiuf.
Crazy Yiuf flaps his cloak.
Crazy Yiuf hits you with a +3 quarterstaff of chaos.
Crazy Yiuf hits you with a +3 quarterstaff of chaos!
Crazy Yiuf burns you.
You are too injured to fight recklessly!
Casting: Sandblast (safe; 3% risk of failure)
Confirm with . or Enter, or press ? or * to list all spells.
Aiming: Sandblast (safe; 3% risk of failure)
Press: ? - help, Shift-Dir - straight line, f/p - Crazy Yiuf
Aim: Crazy Yiuf, wielding a +3 quarterstaff of chaos and wearing a +0 cloak (lightly wounded, 84% to hit)
The blast of sand hits Crazy Yiuf!
Crazy Yiuf is severely wounded.
Crazy Yiuf hits you with a +3 quarterstaff of chaos!
Ouch! That really hurt!
You die...

#####
#######
#..)#
#.....<
#...#
#...... ...
#### #......
#g#
#..###......
♣♣@♣
#...##......
♣.♣♣
#....#......
♣♣.♣
#....#......
♣.♣♣
#....#......
♣♣.♣♣
#>...#......
♣...♣♣
#...........
♣....♣
#....####.##
#....#
#...#####...
#....#
#......####.


You could see Crazy Yiuf.

Vanquished Creatures
  2 adders (D:2)
  A worm (D:2)
  A dart slug (D:1)
  4 ball pythons
  5 endoplasms
  2 giant cockroaches (D:1)
  4 quokkas (D:2)
  2 bats (D:1)
  4 frilled lizards
  6 goblins
  4 kobolds
  5 rats
40 creatures vanquished.

Notes
Turn   | Place    | Note
-------+----------+-------------------------------------------
     0 | D:1      | hikkokomori the Gargoyle Earth Elementalist began the quest
                  | for the Orb.
     0 | D:1      | Reached XP level 1. HP: 10/10 MP: 3/3
     0 | D:1      | Upgraded the game from 0.31-a0-1206-g41278d8d1d to
                  | 0.31-a0-1237-gabc64e778c
   194 | D:1      | Reached XP level 2. HP: 14/16 MP: 3/5
   460 | D:1      | Reached skill level 1 in Fighting
  1219 | D:2      | Reached skill level 4 in Earth Magic
  1219 | D:2      | Reached XP level 3. HP: 20/20 MP: 4/6
  1431 | D:2      | Reached XP level 4. HP: 20/26 MP: 3/7
  1644 | D:2      | Found a runed translucent door.
  1645 | D:2      | Noticed Crazy Yiuf
  1938 | D:2      | Slain by Crazy Yiuf

Illustrated notes

Levels and vault maps discovered:
D:1:      wheals_arrival_shading, layout_basic, chequers_serial_rivers_micro_c,
          st_stairs_4, wad_floor_pattern_untrapped
D:2:      layout_rooms, uniq_crazy_yiuf_cottage

Skill      XL: |  1  2  3 |
---------------+----------+-----
Fighting       | 1 |  1.7
Earth Magic    | 4 |  4.2
Stealth        | 3 |  3.1
Dodging        | |  1.5
Spellcasting   | |  2.6
Transmutations | |  0.7

Action                     |  1- 3 |  4- 6 || total
---------------------------+-------+-------++-------
  Melee: Whip              |    12 |       ||    12
         Dagger            |       |    10 ||    10
   Cast: Sandblast         |    51 |    13 ||    64
    Use: Scroll            |     2 |     1 ||     3
 Armour: Robe              |    20 |    12 ||    32
  Dodge: Dodged            |    21 |     9 ||    30

Table legend: (Time is in decaauts)
 A = Elapsed time spent in this place.
 B = Non-inter-level travel time spent in this place.
 C = Inter-level travel time spent in this place.
 D = Time resting spent in this place.
 E = Time spent auto-exploring this place.
 F = Levels seen in this place.
 G = Mean time per level.
                   A        B        C        D        E       F      G
               +--------+--------+--------+--------+--------+-----+--------+
         Total |   1969 |   1949 |     20 |      0 |   1659 |   2 |  984.5 |
       Dungeon |   1969 |   1949 |     20 |      0 |   1659 |   2 |  984.5 |
               +--------+--------+--------+--------+--------+-----+--------+

Top non-repeatable levels by time:
     D:1: 1224 daAuts
     D:2: 744 daAuts
